 Dungeon Crawl Stone Soup version 0.26.1-11-gd32895ea62 (webtiles) character file.

Game seed: 1159536636235608906

196 raph the Cleaver (level 5, -3/45 HPs)
             Began as a Hill Orc Monk on May 5, 2021.
             Was a Follower of Beogh.
             Slain by Grinder (9 damage)
             ... while paralysed by Grinder
             ... on level 4 of the Dungeon.
             The game lasted 00:06:38 (4567 turns).

raph the Cleaver (Hill Orc Monk)                    Turns: 4567, Time: 00:06:39

Health: -3/45      AC:  7    Str: 14    XL:     5   Next: 75%
Magic:  3/5        EV:  2    Int: 10    God:    Beogh [*.....]
Gold:   146        SH:  0    Dex: 14    Spells: 4/4 levels left

rFire    . . .     SeeInvis .   a - +1 hand axe
rCold    + . .     Faith    .   (no shield)
rNeg     . . .     Spirit   .   h - +2 leather armour {rPois}
rPois    +         Reflect  .   (no helmet)
rElec    .         Harm     .   d - +1 cloak
rCorr    .         Rampage  .   (no gloves)
Will     .....                  (no boots)
Stlth    ++........             (no amulet)
HPRegen  0.15/turn              (no ring)
MPRegen  0.09/turn              i - ring of protection from cold

@: paralysed, hasted
A: no striking features
a: Renounce Religion


You were on level 4 of the Dungeon.
You worshipped Beogh.
Beogh was aware of your devotion.
You visited 1 branch of the dungeon, and saw 5 of its levels.

You collected 177 gold pieces.
You spent 31 gold pieces at shops.

Inventory:

Hand Weapons
 a - a +1 hand axe (weapon)
Armour
 d - a +1 cloak (worn)
 e - a +0 chain mail
 h - a +2 leather armour of poison resistance (worn)
Jewellery
 i - a ring of protection from cold (right hand)
Scrolls
 b - 2 scrolls of remove curse
 l - 2 scrolls of magic mapping
 n - a scroll of teleportation
 o - a scroll of identify
Potions
 c - a potion of flight
 f - 3 potions of brilliance
 g - 3 potions of curing
 j - 2 potions of resistance
 m - a potion of ambrosia


   Skills:
 - Level 3.6 Fighting
 + Level 8.2 Axes
 - Level 2.4 Dodging
 - Level 1.5 Stealth


You had 4 spell levels left.
You didn't know any spells.
Your spell library was empty.

Dungeon Overview and Level Annotations

Branches:
Dungeon (5/15)
 Temple: D:4-7

Altars:
Hepliaklqana
Trog

Shops:
D:5 *

Annotations:
D:3 1 runed translucent door, Cleetus's ghost, amateur FoFi
D:4 Grinder


Message History

Grinder blinks!
Okay, then.
Grinder barely misses you.
You closely miss Grinder.
Grinder is heavily wounded.
You barely miss Grinder.
Grinder is heavily wounded.
Grinder barely misses you.
You hit Grinder but do no damage.
Grinder is heavily wounded.
Grinder gestures at you.
You suddenly lose the ability to move!
Grinder hits you but does no damage. Grinder hits you!
You writhe in agony.
* * * LOW HITPOINT WARNING * * *
Grinder grins, showing sharp teeth.
Grinder hits you.
* * * LOW HITPOINT WARNING * * *
Grinder hits you!
You die...

....#.....#....'......##...##....
....#.....#....#...........######
....#.....#....#............
....#.....#....#........
..[##[....#...(#........
...##.....#...##......##
...'......#...##......#
...#......#......5....##+#
...#......'.....@.........
....#....##...............
....#######...##......## ###.#
#....##......# ###
#....#........# #....#........#
#....#........# #....#........#
#....#........#


You could see Grinder.

Vanquished Creatures
  An orc priest (D:4)
  2 worker ants
  An orc wizard (D:4)
  3 adders
  A dart slug (D:1)
  A leopard gecko (D:1)
  9 orcs
  7 bats
  5 giant cockroaches
  6 hobgoblins
  2 jackals (D:2)
  5 kobolds
  2 quokkas
  5 frilled lizards
  3 goblins
  8 rats
61 creatures vanquished.

Vanquished Creatures (others)
  A wizard (D:3)
1 creature vanquished.

Grand Total: 62 creatures vanquished

Notes
Turn   | Place    | Note
-------+----------+-------------------------------------------
     0 | D:1      | raph the Hill Orc Monk began the quest for the Orb.
     0 | D:1      | Reached XP level 1. HP: 19/19 MP: 1/1
   402 | D:1      | Reached XP level 2. HP: 26/26 MP: 2/2
   636 | D:1      | Reached skill level 5 in Axes
  1037 | D:1      | Reached XP level 3. HP: 31/31 MP: 3/3
  1734 | D:2      | Reached skill level 6 in Axes
  2377 | D:3      | You fall into a shaft and drop 2 floors!
  2377 | D:5      | Entered Level 5 of the Dungeon
  2377 | D:5      | Found Rauhuc's Assorted Antiques.
  2378 | D:5      | Noticed an ice beast
  2388 | D:5      | Bought a scroll labelled UBRY TAGEMUDIE for 31 gold pieces
  2470 | D:3      | Reached XP level 4. HP: 14/39 MP: 4/4
  3094 | D:3      | Became a worshipper of Beogh the Brigand
  3094 | D:3      | Reached * piety under Beogh
  3094 | D:3      | Reached ** piety under Beogh
  3158 | D:3      | Reached skill level 7 in Axes
  3210 | D:3      | Found a bloodstained altar of Trog.
  3212 | D:3      | Noticed a wizard
  3218 | D:3      | Killed a wizard
  3722 | D:3      | Found a runed translucent door.
  3722 | D:3      | Noticed Cleetus's ghost (amateur FoFi)
  3722 | D:3      | Noticed a yak
  3979 | D:4      | Reached XP level 5. HP: 17/45 MP: 5/5
  4265 | D:4      | Reached skill level 8 in Axes
  4430 | D:4      | Found a hazy altar of Hepliaklqana.
  4543 | D:4      | Noticed Grinder
  4563 | D:4      | Paralysed by Grinder for 6 turns
  4567 | D:4      | Slain by Grinder

Illustrated notes

Levels and vault maps discovered:
D:1:      dpeg_arrival_more_subterranean_lakeside_camping, layout_loops_ring
D:2:      layout_basic, chequers_serial_rivers_large_b, nrook_mini_vaults
D:3:      layout_basic, ebering_ghost_inner_flame, trog_wizard
D:4:      layout_gridville, nzn_hepliaklqana_mist_gate, uniq_grinder
D:5:      layout_basic, makhleb_grotto_becter, minmay_temple_entry_tees,
          serial_shops, shop

Skill      XL: |  1  2  3  4  5 |
---------------+----------------+-----
Axes           | 5 6 7 8 |  8.2
Fighting       | |  3.6
Dodging        | |  2.4
Stealth        | |  1.5

Action                   |  1- 3 |  4- 6 || total
-------------------------+-------+-------++-------
Melee: Hand axe          |   141 |   131 ||   272
Invok: Convert to Beogh  |       |     1 ||     1
       Smiting           |       |     1 ||     1
  Use: Scroll            |     8 |     6 ||    14
       Potion            |       |     2 ||     2
 Stab: Sleeping          |     5 |       ||     5
Armor: Robe              |     9 |       ||     9
       Chain mail        |    17 |    59 ||    76
       Leather armour    |    31 |     2 ||    33
Dodge: Dodged            |    84 |    34 ||   118
